 Dungeon Crawl Stone Soup version 0.25.0-26-g0c896c7088 (webtiles) character file.

Game seed: 14840285381602788869

15638 Dirian the Cleaver (level 12, -7/104 HPs)
             Began as a Minotaur Fighter on July 2, 2020.
             Was an Elder of Makhleb.
             Killed from afar by a war gargoyle (39 damage)
             ... with a spray of metal splinters
             ... on level 12 of the Dungeon.
             The game lasted 00:19:40 (12326 turns).

Dirian the Cleaver (Minotaur Fighter)              Turns: 12326, Time: 00:19:41

Health: -7/104     AC: 15    Str: 26    XL:     12   Next: 3%
Magic:  16/16      EV:  7    Int:  5    God:    Makhleb [****..]
Gold:   818        SH: 13    Dex: 10    Spells: 11/11 levels left

rFire    + . .     SeeInvis .   l - +7 broad axe (freeze)
rCold    . . .     Gourm    .   c - +1 kite shield
rNeg     + . .     Faith    .   u - +0 chain mail
rPois    .         Spirit   .   (helmet restricted)
rElec    .         Reflect  .   g - +0 cloak
rCorr    .         Harm     .   k - +0 pair of gloves
MR       .....                  f - +0 pair of boots
Stlth    ..........             (no amulet)
HPRegen  0.27/turn              B - ring of positive energy
MPRegen  0.15/turn              v - ring of protection from fire

@: no status effects
A: retaliatory headbutt, horns 2
a: Minor Destruction, Lesser Servant of Makhleb, Major Destruction, Renounce
Religion


You were on level 12 of the Dungeon.
You worshipped Makhleb.
Makhleb was greatly pleased with you.
You were not hungry.

You visited 2 branches of the dungeon, and saw 13 of its levels.
You visited the Abyss 1 time.
You also visited: Ossuary and Bailey.

You collected 1101 gold pieces.
You spent 283 gold pieces at shops.

Inventory:

Hand Weapons
 a - a +0 war axe of freezing
 l - a +7 broad axe of freezing (weapon)
 w - a +2 scimitar of flaming
 J - a +0 giant club
Armour
 c - a +1 kite shield (worn)
 f - a +0 pair of boots (worn)
 g - a +0 cloak (worn)
 k - a +0 pair of gloves (worn)
 u - a +0 chain mail (worn)
 A - a +0 plate armour
Jewellery
 b - the ring of Kenat Oki {Fire Stlth+}
   (You found it on level 6 of the Dungeon)

   [ring of fire]

   It enhances your fire magic.
   It protects you from fire.
   It makes you vulnerable to cold.
   It makes you more stealthy.
 v - a ring of protection from fire (right hand)
 B - a ring of positive energy (left hand)
Wands
 y - a wand of polymorph (3)
 C - a wand of acid (7)
 D - a wand of enslavement (4)
 F - a wand of clouds (9)
 I - a wand of iceblast (9)
Scrolls
 i - a scroll of silence
 m - 2 scrolls of fog
 o - 4 scrolls of fear
 r - 2 scrolls of identify
 t - 4 scrolls of teleportation
 x - 5 scrolls of remove curse
 z - 3 scrolls of blinking
 E - a scroll of enchant armour
 G - 2 scrolls of magic mapping
Potions
 d - a potion of might
 h - 3 potions of lignification
 j - 6 potions of mutation
 n - 2 potions of flight
 p - a potion of ambrosia
 q - 10 potions of curing
 s - a potion of berserk rage
Comestibles
 e - 26 rations
 H - 12 chunks of flesh


   Skills:
 + Level 9.1 Fighting
 + Level 14.8 Axes
 + Level 10.0 Armour
 + Level 9.7 Shields
 * Level 7.7 Invocations


You had 11 spell levels left.
You didn't know any spells.
Your spell library contained the following spells:

 Spells                   Type           Power        Failure   Level  Hunger
 Magic Dart               Conj           #...         99%         1    ##.....
 Summon Small Mammal      Summ           #...         99%         1    ##.....
 Blink                    Tloc           N/A          100%        2    ###....
 Call Imp                 Summ           #.......     100%        2    ###....
 Slow                     Hex            #.......     100%        2    ###....
 Call Canine Familiar     Summ           #.......     100%        3    ####...
 Confusing Touch          Hex            #.......     100%        3    ####...
 Conjure Flame            Conj/Fire      #.......     100%        3    ####...
 Gell's Gravitas          Tloc           #.........   100%        3    ####...
 Mephitic Cloud           Conj/Pois/Air  #.......     100%        3    ####...
 Summon Guardian Golem    Hex/Summ       #.......     100%        3    ####...
 Petrify                  Tmut/Erth      #.......     100%        4    #####..
 Summon Ice Beast         Ice/Summ       #.......     100%        4    #####..
 Summon Lightning Spire   Summ/Air       #.......     100%        4    #####..
 Metabolic Englaciation   Hex/Ice        #.........   100%        5    ######.
 Yara's Violent Unravell  Hex/Tmut       #.........   100%        5    ######.


Dungeon Overview and Level Annotations

Branches:
Dungeon (12/15)            Temple (1/1) D:5             Orc (0/2) D:12
Ossuary (visited)          Bailey (visited)
   Lair: D:8-11

Altars:
Ashenzari
Cheibriados
Dithmenos
Elyvilon
Fedhas
Gozag
Hepliaklqana
Kikubaaqudgha
Makhleb
Nemelex Xobeh
Okawaru
Qazlal
Ru
Sif Muna
Trog
Uskayaw
Vehumet
Wu Jian
Xom
Yredelemnul
Zin
The Shining One

Shops:
D:7 :[*(*   D:11 ?

Annotations:
D:8 to do !


Innate Abilities, Weirdness & Mutations

You reflexively headbutt those who attack you in melee.
You have a pair of horns on your head.


Message History

Your neqoxec hits the centaur warrior!
The death knight invokes the aid of Yredelemnul against you.
You struggle to resist.
Your crimson imp hits the war gargoyle but does no damage.
The centaur warrior shoots an arrow.
The arrow closely misses your iron imp. The arrow hits you but does no damage.
Your neqoxec hits the war gargoyle but does no damage.
You see here an arrow.
The centaur warrior shoots an arrow.
The arrow hits your iron imp!
Your iron imp misses the death knight.
Your crimson imp blinks!
The centaur warrior unwields a +0 shortbow.
The centaur warrior hits your iron imp!
Your iron imp dies!
Something hits your neqoxec.
There is an open door here.
The death knight's dark mirror aura disappears.
The war gargoyle launches metal splinters at you.
The spray of metal splinters hits you!!!
You die...

#...##.....##.3......##..#.
#.#..###.###....5........#.
#......###..).(............
###.........c...........###
#........9p.......####
#....####'#########
#.#..#.......#
#.#..#.......#
#....#..@#####
#....#...#########
#.##.#...........# ###
#.##.#...........#####...
#.##.#...#######'#.......
#....##+##...............
#..........#.............
#..####....#.<.#.........
#..............#.........


You could see a death knight, a centaur warrior and a war gargoyle (catching
breath).

Vanquished Creatures
  Erica (D:10)
  2 two-headed ogres
  Sonja (D:10)
  2 unseen horrors
  Pikel (D:4)
  A cyclops (D:12)
  An ugly thing (D:12)
  A manticore (D:12)
  Psyche (D:10)
  A gargoyle (D:12)
  An ancient zyme (Abyss:1)
  2 trolls
  5 hippogriffs
  9 yaks
  A wyvern (D:10)
  A hungry ghost (D:7)
  A warg (D:12)
  Menkaure (D:5)
  5 insubstantial wisps (Abyss:1)
  2 water moccasins (D:6)
  3 ice beasts
  3 sky beasts
  A hornet zombie (D:6)
  3 orc warriors
  6 ogres
  A phantom (D:9)
  4 centaurs
  3 bullfrogs
  9 gnoll sergeants
  2 scorpions
  A water moccasin skeleton (D:11)
  10 wights
  11 killer bees
  A bullfrog zombie (D:5)
  6 gnoll shamans (Bailey)
  2 quasits
  2 centaur skeletons
  2 centaur zombies (D:12)
  5 orc priests
  A bullfrog skeleton (D:9)
  8 hounds
  A human skeleton (Abyss:1)
  2 iguanas (D:7)
  8 orc wizards
  4 worker ants
  A killer bee zombie (D:5)
  12 mummies (Ossuary)
  A worker ant zombie (D:10)
  29 gnolls
  9 adders
  A shadow imp (D:9)
  2 worms
  2 dart slugs
  2 leopard geckos
  22 orcs
  A ball python (D:1)
  3 giant cockroaches
  10 goblins
  3 hobgoblins (D:2)
  14 jackals
  6 kobolds
  3 quokkas
  5 bats (D:1)
  5 frilled lizards
  A gnoll skeleton (Ossuary)
  2 goblin skeletons (Ossuary)
  2 kobold skeletons (Ossuary)
  3 orc skeletons (Ossuary)
  6 rats
  11 rat skeletons (Ossuary)
  A plant (D:7)
296 creatures vanquished.

Vanquished Creatures (collateral kills)
  Maurice (D:11)
1 creature vanquished.

Vanquished Creatures (others)
  A bullfrog skeleton (D:4)
1 creature vanquished.

Grand Total: 298 creatures vanquished

Notes
Turn   | Place    | Note
-------+----------+-------------------------------------------
     0 | D:1      | Dirian the Minotaur Fighter began the quest for the Orb.
     0 | D:1      | Reached XP level 1. HP: 19/19 MP: 0/0
    62 | D:1      | Reached XP level 2. HP: 27/27 MP: 1/1
   214 | D:1      | Reached skill level 3 in Axes
   459 | D:1      | Reached XP level 3. HP: 33/33 MP: 2/2
  1057 | D:2      | Reached skill level 4 in Axes
  1134 | D:2      | Reached XP level 4. HP: 40/40 MP: 3/3
  1850 | D:3      | Reached XP level 5. HP: 43/46 MP: 4/4
  2259 | D:4      | Reached skill level 5 in Axes
  2459 | D:4      | You fall into a shaft and drop 2 floors!
  2494 | D:5      | Entered Level 5 of the Dungeon
  2570 | D:4      | Noticed Pikel
  2570 | D:4      | Noticed a slave
  2570 | D:4      | Noticed a slave
  2570 | D:4      | Noticed a slave
  2590 | D:4      | Noticed a slave
  2602 | D:4      | HP: 2/46 [Pikel/+1 whip of freezing (3)]
  2604 | D:4      | Killed Pikel
  2604 | D:4      | Reached skill level 7 in Axes
  2604 | D:4      | Reached skill level 5 in Armour
  2604 | D:4      | Reached skill level 5 in Shields
  2604 | D:4      | Reached XP level 6. HP: 2/53 MP: 5/5
  2604 | D:4      | Reached XP level 7. HP: 2/60 MP: 6/6
  3510 | D:5      | Reached skill level 8 in Axes
  3601 | D:5      | Noticed Menkaure
  3605 | D:5      | Killed Menkaure
  3605 | D:5      | Reached skill level 5 in Fighting
  3760 | D:5      | Found a staircase to the Ecumenical Temple.
  3996 | D:5      | Reached skill level 9 in Axes
  3996 | D:5      | Reached XP level 8. HP: 25/68 MP: 7/7
  4369 | Temple   | Entered the Ecumenical Temple
  4527 | Temple   | Became a worshipper of Makhleb the Destroyer
  4917 | D:6      | Reached skill level 1 in Invocations
  4930 | D:6      | Got a flickering copper ring
  5596 | D:6      | Identified the ring of Kenat Oki {Fire Stlth+} (You found
                  | it on level 6 of the Dungeon)
  5629 | D:7      | Identified a scroll of acquirement
  5652 | D:7      | Reached skill level 10 in Axes
  5796 | D:7      | Found Piufipheest's Assorted Antiques.
  5877 | D:7      | Found Rosiul's Weapon Shoppe.
  5893 | D:7      | Bought a potion of curing for 81 gold pieces
  5968 | D:7      | Reached XP level 9. HP: 71/75 MP: 8/10
  6124 | D:7      | Found Xaururu's Antique Armour Shoppe.
  6323 | D:7      | Found Ivityi Ugom's Assorted Antiques.
  6334 | D:7      | Bought a metallic puce potion for 24 gold pieces
  6472 | D:7      | Found Amusee Otore's Book Shoppe.
  6577 | D:7      | Bought an emerald potion for 24 gold pieces
  6651 | D:8      | Reached skill level 11 in Axes
  6670 | D:8      | Reached * piety under Makhleb
  6680 | D:8      | Found a sand-covered staircase.
  6689 | Ossuary  | Entered an ossuary
  7231 | D:8      | Found a shadowy altar of Dithmenos.
  7243 | D:8      | Reached ** piety under Makhleb
  7363 | D:8      | Noticed a death yak
  7364 | D:8      | Noticed a death yak
  7381 | D:8      | Noticed a death yak
  7635 | D:9      | Reached skill level 12 in Axes
  7746 | D:9      | Reached XP level 10. HP: 69/84 MP: 12/12
  7873 | D:9      | Noticed a two-headed ogre
  7892 | D:9      | Killed a two-headed ogre
  7892 | D:9      | Reached skill level 5 in Invocations
  8808 | D:10     | Entered Level 10 of the Dungeon
  8841 | D:10     | Noticed Psyche
  8851 | D:10     | Killed Psyche
  8897 | D:10     | Noticed Sonja
  8903 | D:10     | Cast into level 1 of the Abyss (Sonja)
  8903 | Abyss:1  | Found a corrupted altar of Lugonu.
  8928 | Abyss:1  | Found a corrupted altar of Lugonu.
  8951 | Abyss:1  | Found a corrupted altar of Lugonu.
  9015 | Abyss:1  | Reached skill level 13 in Axes
  9069 | D:10     | Escaped the Abyss
  9072 | D:10     | Killed Sonja
  9072 | D:10     | Reached *** piety under Makhleb
  9108 | D:10     | Reached XP level 11. HP: 32/94 MP: 14/14
  9118 | D:10     | Found a blossoming altar of Fedhas.
  9155 | D:10     | Found a flagged portal.
  9164 | Bailey   | Entered a bailey
  9965 | D:10     | Reached **** piety under Makhleb
 10096 | D:10     | Noticed Erica
 10107 | D:10     | Killed Erica
 10723 | D:11     | Noticed Maurice
 10724 | D:11     | Noticed a two-headed ogre
 10735 | D:10     | Killed a two-headed ogre
 10885 | D:11     | Killed Maurice
 10885 | D:11     | Reached skill level 14 in Axes
 10953 | D:11     | Killed an unseen horror
 11431 | D:11     | Found Lonut's Magic Scroll Emporium.
 11434 | D:11     | Bought a scroll of blinking for 105 gold pieces
 11434 | D:11     | Bought a scroll of magic mapping for 49 gold pieces
 11673 | D:12     | Noticed a green ugly thing
 11686 | D:12     | Killed a green ugly thing
 11891 | D:12     | Killed an unseen horror
 12199 | D:12     | Found a staircase to the Orcish Mines.
 12207 | D:12     | Reached XP level 12. HP: 104/104 MP: 16/16
 12228 | D:12     | Reached skill level 10 in Armour
 12310 | D:12     | Noticed a centaur warrior
 12311 | D:12     | Noticed a death knight
 12311 | D:12     | Noticed a war gargoyle
 12314 | D:12     | Noticed a deep troll earth mage
 12326 | D:12     | Killed from afar by a war gargoyle

Illustrated notes

Levels and vault maps discovered:
D:1:      dpeg_arrival_tiny_b, layout_basic, minmay_misc_feat_cross
D:2:      layout_basic, first_ration
D:3:      layout_loops_ring
D:4:      layout_basic, uniq_pikel
D:5:      layout_rooms, minmay_temple_entry_ruins, uniq_menkaure
D:6:      layout_loops_corners
D:7:      layout_rooms, serial_shops, shop, shop,
          nicolae_shop_overgrown_old_shop, kennysheep_mini_moat,
          nicolae_shop_crystal
D:8:      layout_loops_ring, nicolae_dithmenos_the_darkroom, dpeg_lair_monsters,
          enter_ossuary_1
D:9:      layout_grid_maze
D:10:     layout_stronghold, enter_bailey_2, grunt_ogre_cave, fedhas_altar_3,
          uniq_psyche, uniq_erica, uniq_sonja
D:11:     layout_rooms, serial_shops, kennysheep_mini, feat_on_display,
          uniq_maurice
D:12:     layout_stronghold, david_orc_1_choice,
          minmay_checkered_concentric_circles
Temple:   roderic_octagonal_lattice_temple

Skill      XL: |  1  2  3  4  5  6  7  8  9 10 11 12 |
---------------+-------------------------------------+-----
Armour         | 4 5 6 7 8 9 10 | 10.0
Axes           | 3 4 7 9 10 12 13 14 | 14.8
Fighting       | 4 5 6 7 9 |  9.1
Shields        | 4 5 6 7 8 9 |  9.7
Invocations    | 2 4 6 7 |  7.7

Action                   |  1- 3 |  4- 6 |  7- 9 | 10-12 || total
-------------------------+-------+-------+-------+-------++-------
Melee: War axe           |    88 |    86 |    79 |       ||   253
       Headbutt          |    11 |    11 |    43 |    51 ||   116
       Broad axe         |       |       |   207 |   310 ||   517
Invok: Minor Destruction |       |       |       |     6 ||     6
       Lesser Servant of |       |       |       |     3 ||     3
  Use: Scroll            |       |     9 |    10 |     8 ||    27
       Potion            |       |       |     2 |     4 ||     6
 Stab: Invisible         |       |       |       |     1 ||     1
       Distracted        |       |       |       |     2 ||     2
  Eat: Chunk             |     1 |     4 |     9 |    15 ||    29
       Ration            |       |       |     3 |       ||     3
Armor: Scale mail        |    51 |    25 |    24 |       ||   100
       Chain mail        |       |       |   130 |   125 ||   255
Dodge: Dodged            |    26 |    16 |    69 |    89 ||   200
Block: Kite shield       |    50 |    37 |   162 |   207 ||   456
